PCL
MILE HIGH BRONCOS @ ALBUQUERQUE ISOTOPES
07/22/2023
 
TOP OF THE 1ST
Mile High Broncos batting - Pitching for Albuquerque Isotopes : RHP Teruo Sato
Pitching: RHP Teruo Sato
Batting: RHB Damian Yates 0-0: Ball
1-0: Foul Ball, location: 2F
1-1: Ball
2-1: Ball
3-1: Called Strike
3-2: Fly out, F9 (Flyball, 9S)
Batting: LHB Diego González 0-0: Called Strike
0-1: Ball
1-1: Swinging Strike
1-2: Foul Ball, location: 2F
1-2: Ball
2-2: Ball
3-2: Foul Ball, location: 2F
3-2: Ground out 5-3 (Groundball, 56)
Batting: RHB António Martínez 0-0: Called Strike
0-1: Ball
1-1: Ball
2-1: Called Strike
2-2: Strikes out swinging
Top of the 1st over - 0 run(s), 0 hit(s), 0 error(s), 0 left on base; Mile High 0 - Albuquerque 0
BOTTOM OF THE 1ST
Albuquerque Isotopes batting - Pitching for Mile High Broncos : LHP John Wilkins
Pitching: LHP John Wilkins
Batting: SHB José Sosa 0-0: Ground out 5-3 (Groundball, 56S)
Batting: RHB Chris Terry 0-0: Ball
1-0: Foul Ball, location: 2F
1-1: Ground out 5-3 (Groundball, 56S)
Batting: RHB Edward Young 0-0: Ball
1-0: Ball
2-0: Foul Ball, location: 2F
2-1: DOUBLE (Flyball, 89XD)
Batting: LHB Juan Carlos Sánchez 0-0: Called Strike
0-1: Foul Ball, location: 2F
0-2: Ground out 4-3 (Groundball, 34)
Bottom of the 1st over - 0 run(s), 1 hit(s), 0 error(s), 1 left on base; Mile High 0 - Albuquerque 0
TOP OF THE 2ND
Mile High Broncos batting - Pitching for Albuquerque Isotopes : RHP Teruo Sato
Batting: RHB Phil White 0-0: Swinging Strike
0-1: Ball
1-1: Called Strike
1-2: Ground out 5-3 (Groundball, 56)
Batting: RHB Juan Jose Guevana 0-0: Swinging Strike
0-1: Called Strike
0-2: Strikes out swinging
Batting: RHB José Herrera 0-0: Swinging Strike
0-1: Ball
1-1: Swinging Strike
1-2: Strikes out swinging
Top of the 2nd over - 0 run(s), 0 hit(s), 0 error(s), 0 left on base; Mile High 0 - Albuquerque 0
BOTTOM OF THE 2ND
Albuquerque Isotopes batting - Pitching for Mile High Broncos : LHP John Wilkins
Batting: RHB José Bautista 0-0: Swinging Strike
0-1: Swinging Strike
0-2: Ground out 6-3 (Groundball, 6)
Batting: LHB Manny Mejía 0-0: Swinging Strike
0-1: Ground out 3-1 (Groundball, 3L)
Batting: RHB Luis Martínez 0-0: Ball
1-0: Fly out, F7 (Flyball, 7D)
Bottom of the 2nd over - 0 run(s), 0 hit(s), 0 error(s), 0 left on base; Mile High 0 - Albuquerque 0
TOP OF THE 3RD
Mile High Broncos batting - Pitching for Albuquerque Isotopes : RHP Teruo Sato
Batting: RHB Jesús Espinoza 0-0: Swinging Strike
0-1: Foul Ball, location: 2F
0-2: Strikes out swinging
Batting: RHB Evan Robinson 0-0: Ball
1-0: Called Strike
1-1: Foul Ball, location: 2F
1-2: Ball
2-2: Ball
3-2: Strikes out swinging
Batting: SHB Tom Stevens 0-0: Called Strike
0-1: Swinging Strike
0-2: Strikes out looking
Top of the 3rd over - 0 run(s), 0 hit(s), 0 error(s), 0 left on base; Mile High 0 - Albuquerque 0
BOTTOM OF THE 3RD
Albuquerque Isotopes batting - Pitching for Mile High Broncos : LHP John Wilkins
Batting: RHB Adrián García 0-0: Ball
1-0: Ball
2-0: Called Strike
2-1: Swinging Strike
2-2: Ball
3-2: Base on Balls
Batting: LHB Eric Wheeler 0-0: Ball
1-0: Called Strike
1-1: 2-RUN HOME RUN (Flyball, 9D), Distance : 369 ft
Batting: SHB José Sosa 0-0: Ball
1-0: Ball
2-0: Fly out, F3 (Popup, 3SF)
Batting: RHB Chris Terry 0-0: Called Strike
0-1: Ball
1-1: Fly out, F7 (Flyball, 7D)
Batting: RHB Edward Young 0-0: Ball
1-0: Foul Ball, location: 2F
1-1: Ball
2-1: Ball
3-1: DOUBLE (Groundball, 5D)
Batting: LHB Juan Carlos Sánchez 0-0: Called Strike
0-1: Ball
1-1: Ball
2-1: Ball
3-1: Swinging Strike
Reached via error on a dropped throw, E1
Edward Young to third
Batting: RHB José Bautista 0-0: Ball
1-0: Ball
2-0: Fly out, F7 (Flyball, 7M)
Bottom of the 3rd over - 2 run(s), 2 hit(s), 1 error(s), 2 left on base; Mile High 0 - Albuquerque 2
TOP OF THE 4TH
Mile High Broncos batting - Pitching for Albuquerque Isotopes : RHP Teruo Sato
Batting: RHB Damian Yates 0-0: Ball
1-0: Ball
2-0: Foul Ball, location: 2F
2-1: DOUBLE (Flyball, 89XD)
Batting: LHB Diego González 0-0: Ball
1-0: Ball
2-0: Ground out 6-3 (Groundball, 6M)
Damian Yates to third
Batting: RHB António Martínez 0-0: Hit by Pitch
Batting: RHB Phil White 0-0: Called Strike
0-1: Swinging Strike
0-2: Grounds into double play, 6-4-3 (Groundball, 6)
Top of the 4th over - 0 run(s), 1 hit(s), 0 error(s), 1 left on base; Mile High 0 - Albuquerque 2
BOTTOM OF THE 4TH
Albuquerque Isotopes batting - Pitching for Mile High Broncos : LHP John Wilkins
Batting: LHB Manny Mejía 0-0: Foul Ball, location: 2F
0-1: SOLO HOME RUN (Line Drive, 9LD), Distance : 381 ft
Batting: RHB Luis Martínez 0-0: Ball
1-0: Ball
2-0: Swinging Strike
2-1: Foul Ball, location: 2F
2-2: Ground out 4-3 (Groundball, 4)
Batting: RHB Adrián García 0-0: Called Strike
0-1: Ball
1-1: Ball
2-1: Swinging Strike
2-2: Ball
3-2: Base on Balls
Batting: LHB Eric Wheeler 0-0: Called Strike
0-1: SINGLE (Groundball, 4M) (infield hit)
Adrián García to second
Batting: SHB José Sosa 0-0: Foul Ball, location: 2F
0-1: Fly out, F7 (Flyball, 7D)
Runner from 2nd tags up, SAFE at 3rd, no throw
Batting: RHB Chris Terry 0-0: Called Strike
0-1: Called Strike
0-2: DOUBLE (Flyball, 9D)
Adrián García scores
Eric Wheeler to third
Batting: RHB Edward Young 0-0: Ball
1-0: Foul Ball, location: 2F
1-1: Foul Ball, location: 2F
1-2: SINGLE (Line Drive, 89S)
Eric Wheeler scores
Chris Terry to third
Runner from 3rd tries for Home, SAFE, no throw or cutoff
Batting: LHB Juan Carlos Sánchez 0-0: SINGLE (Groundball, 4MD)
Edward Young to second
Runner from 2nd tries for 3rd, SAFE, throw made to third
Batting: RHB José Bautista 0-0: Ball
1-0: Ball
2-0: Called Strike
2-1: Ball
3-1: Ground out 6-3 (Groundball, 6)
Bottom of the 4th over - 4 run(s), 5 hit(s), 0 error(s), 2 left on base; Mile High 0 - Albuquerque 6
TOP OF THE 5TH
Mile High Broncos batting - Pitching for Albuquerque Isotopes : RHP Teruo Sato
Batting: RHB Juan Jose Guevana 0-0: Ground out 6-3 (Groundball, 6M)
Batting: RHB José Herrera 0-0: Ball
1-0: Called Strike
1-1: SINGLE (Groundball, 56)
Batting: RHB Jesús Espinoza 0-0: Called Strike
0-1: Ball
1-1: Swinging Strike
1-2: Strikes out swinging
Batting: RHB Evan Robinson 0-0: Called Strike
0-1: Fielders Choice at 2nd, 5-4 (Groundball, 5)
Top of the 5th over - 0 run(s), 1 hit(s), 0 error(s), 0 left on base; Mile High 0 - Albuquerque 6
BOTTOM OF THE 5TH
Albuquerque Isotopes batting - Pitching for Mile High Broncos : LHP John Wilkins
Batting: LHB Manny Mejía 0-0: Ball
1-0: Ball
2-0: Foul Ball, location: 2F
2-1: Foul Ball, location: 2F
2-2: Fly out, F8 (Flyball, 8LS)
Batting: RHB Luis Martínez 0-0: Ball
1-0: Foul Ball, location: 2F
1-1: Ground out 6-3 (Groundball, 6)
Batting: RHB Adrián García 0-0: Called Strike
0-1: Called Strike
0-2: Ball
1-2: Ground out 6-3 (Groundball, 6)
Bottom of the 5th over - 0 run(s), 0 hit(s), 0 error(s), 0 left on base; Mile High 0 - Albuquerque 6
TOP OF THE 6TH
Mile High Broncos batting - Pitching for Albuquerque Isotopes : RHP Teruo Sato
Batting: SHB Tom Stevens 0-0: Foul Ball, location: 2F
0-1: Foul Ball, location: 2F
0-2: Foul Ball, location: 2F
0-2: Ball
1-2: Ball
2-2: Fly out, F6 (Popup, 6M)
Batting: RHB Damian Yates 0-0: Called Strike
0-1: Ball
1-1: Ball
2-1: Foul Ball, location: 2F
2-2: Ball
3-2: Strikes out swinging
Batting: LHB Diego González 0-0: Ball
1-0: Swinging Strike
1-1: Ball
2-1: Foul Ball, location: 2F
2-2: Ground out U3 (Groundball, 3)
Top of the 6th over - 0 run(s), 0 hit(s), 0 error(s), 0 left on base; Mile High 0 - Albuquerque 6
BOTTOM OF THE 6TH
Albuquerque Isotopes batting - Pitching for Mile High Broncos : LHP John Wilkins
Batting: LHB Eric Wheeler 0-0: Fly out, F9 (Flyball, 89D)
Batting: SHB José Sosa 0-0: Ball
1-0: SOLO HOME RUN (Flyball, 89XD), Distance : 412 ft
Pitching: RHP Tony Guerrero
Batting: RHB Chris Terry 0-0: Swinging Strike
0-1: Swinging Strike
0-2: Ball
1-2: Ball
2-2: Foul Ball, location: 2F
2-2: Strikes out looking
Batting: RHB Edward Young 0-0: Called Strike
0-1: TRIPLE (Flyball, 8RXD)
Batting: LHB Juan Carlos Sánchez 0-0: Called Strike
0-1: Fly out, F9 (Flyball, 9S)
Bottom of the 6th over - 1 run(s), 2 hit(s), 0 error(s), 1 left on base; Mile High 0 - Albuquerque 7
TOP OF THE 7TH
Mile High Broncos batting - Pitching for Albuquerque Isotopes : RHP Teruo Sato
Pitching: RHP Jay Lloyd
Batting: RHB António Martínez 0-0: Called Strike
0-1: Foul Ball, location: 2F
0-2: Ball
1-2: Fly out, F9 (Flyball, 9S)
Batting: RHB Phil White 0-0: Called Strike
0-1: Fly out, F9 (Flyball, 9M)
Batting: RHB Juan Jose Guevana 0-0: Ball
1-0: Ball
2-0: Fly out, F7 (Line Drive, 7S)
Top of the 7th over - 0 run(s), 0 hit(s), 0 error(s), 0 left on base; Mile High 0 - Albuquerque 7
BOTTOM OF THE 7TH
Albuquerque Isotopes batting - Pitching for Mile High Broncos : RHP Tony Guerrero
Batting: RHB José Bautista 0-0: Called Strike
0-1: Swinging Strike
0-2: Ball
1-2: Strikes out looking
Batting: LHB Manny Mejía 0-0: Ball
1-0: Foul Ball, location: 2F
1-1: Foul Ball, location: 2F
1-2: Ball
2-2: Foul Ball, location: 2F
2-2: Hit by Pitch
Batting: RHB Luis Martínez 0-0: Ball
1-0: Foul Ball, location: 2F
1-1: Ball
2-1: Ball
3-1: Foul Ball, location: 2F
3-2: Foul Ball, location: 2F
3-2: Hit by Pitch
Manny Mejía to second
Batting: RHB Adrián García 0-0: Ball
1-0: Foul Ball, location: 2F
1-1: Ball
2-1: Foul Ball, location: 2F
2-2: Foul Ball, location: 2F
2-2: Ball
3-2: Base on Balls
Manny Mejía to third
Luis Martínez to second
Batting: LHB Eric Wheeler 0-0: Called Strike
0-1: Ground out U3 (Groundball, 3S)
Manny Mejía scores
Luis Martínez to third
Adrián García to second
Batting: SHB José Sosa 0-0: Called Strike
0-1: Ball
1-1: Ball
2-1: Called Strike
2-2: Fly out, F9 (Flyball, 9D)
Bottom of the 7th over - 1 run(s), 0 hit(s), 0 error(s), 2 left on base; Mile High 0 - Albuquerque 8
TOP OF THE 8TH
Mile High Broncos batting - Pitching for Albuquerque Isotopes : RHP Jay Lloyd
Batting: RHB José Herrera 0-0: Ball
1-0: Ground out 6-3 (Groundball, 6)
Batting: RHB Jesús Espinoza 0-0: Called Strike
0-1: Foul Ball, location: 2F
0-2: Strikes out swinging
Batting: RHB Evan Robinson 0-0: Ball
1-0: Foul Ball, location: 2F
1-1: Ball
2-1: DOUBLE (Flyball, 78M)
Batting: SHB Tom Stevens 0-0: Called Strike
0-1: Ball
1-1: Fly out, F7 (Line Drive, 7LM)
Top of the 8th over - 0 run(s), 1 hit(s), 0 error(s), 1 left on base; Mile High 0 - Albuquerque 8
BOTTOM OF THE 8TH
Albuquerque Isotopes batting - Pitching for Mile High Broncos : RHP Tony Guerrero
Batting: RHB Chris Terry 0-0: Called Strike
0-1: Ball
1-1: Ball
2-1: Called Strike
2-2: Ball
3-2: Strikes out swinging
Pitching: RHP Todd Clark
Batting: RHB Edward Young 0-0: Ball
1-0: Ball
2-0: Swinging Strike
2-1: Foul Ball, location: 2F
2-2: Foul Ball, location: 2F
2-2: Strikes out looking
Batting: LHB Juan Carlos Sánchez 0-0: Called Strike
0-1: Foul Ball, location: 2F
0-2: Ball
1-2: Foul Ball, location: 2F
1-2: Strikes out swinging
Bottom of the 8th over - 0 run(s), 0 hit(s), 0 error(s), 0 left on base; Mile High 0 - Albuquerque 8
TOP OF THE 9TH
Mile High Broncos batting - Pitching for Albuquerque Isotopes : RHP Jay Lloyd
Batting: RHB Damian Yates 0-0: Ball
1-0: Called Strike
1-1: Ball
2-1: Ball
3-1: Base on Balls
Batting: LHB Diego González 0-0: Called Strike
0-1: Called Strike
0-2: Ball
1-2: Ball
2-2: Strikes out looking
Batting: RHB António Martínez 0-0: Ball
1-0: Foul Ball, location: 2F
1-1: Called Strike
1-2: Ground out U3 (Groundball, 3S)
Damian Yates to second
Batting: RHB Phil White 0-0: Called Strike
0-1: Swinging Strike
0-2: Ball
1-2: Foul Ball, location: 2F
1-2: Ball
2-2: Fly out, F7 (Flyball, 7M)
Top of the 9th over - 0 run(s), 0 hit(s), 0 error(s), 1 left on base; Mile High 0 - Albuquerque 8
This league is powered by Out of the Park Baseball, the baseball management simulation game for PC, Mac and Linux
Wednesday, December 2nd, 2015 - OOTP Baseball 16.8 Build 38